[Event "Titled Tuesday Blitz December 14 2021"]
[White "Araujo Sanchez, Josue"]
[Black "Svane, Rasmus"]
[WhiteFideId "6416896"]
[BlackFideId "4657101"]
[WhiteElo "2277"]
[BlackElo "2643"]
[Result "0-1"]
[Round "04"]
[TimeControl "180+1"]
[Date "2021.12.15"]
[WhiteClock "0:00:06"]
[BlackClock "0:00:13"]

1. e4 c6 2. Nc3 d5 3. Qf3 dxe4 4. Nxe4 Nf6 5. Bc4 Nbd7 6. Bb3 e6 7. d4 Nxe4 8. Qxe4 Nf6 9. Qe2 Qxd4 10. Nf3 Qe4 11. Be3 Nd5 12. Ng5 Qe5 13. O-O Nxe3 14. Nf3 Qe4 15. fxe3 Bc5 16. Rae1 O-O 17. c3 a5 18. Bc2 Qg4 19. Kh1 b6 20. Qf2 Ba6 21. Rg1 Bd6 22. Nd4 c5 23. Bd1 Qg6 24. Nf3 Rad8 25. e4 Bc7 26. Bc2 Qh6 27. e5 Bb7 28. Be4 Bd5 29. Re2 Bc4 30. Ree1 Rd7 31. Re3 Rfd8 32. Rge1 Bxa2 33. Kg1 Bd5 34. h3 Bxe4 35. Rxe4 Rd1 36. Rh4 Qc1 37. Rxd1 Rxd1+ 38. Kh2 h6 39. Rg4 Rf1 40. Qe2 Rh1+ 41. Kg3 Rd1 42. Qe4 h5 43. Rg5 h4+ 44. Kxh4 Bd8 45. Kg4 Bxg5 46. Nxg5 Rd8 47. Qh7+ Kf8 48. Qh8+ Ke7 49. Qxg7 Qd1+ 50. Kh4 Qe1+ 51. g3 Qf2 52. Nh7 Qf5 53. g4 Qg6 54. Qf6+ Qxf6+ 55. Nxf6 a4 56. Kg5 b5 57. h4 b4 58. cxb4 cxb4 59. h5 a3 60. bxa3 bxa3 61. h6 a2 62. h7 Rh8 63. Kh6 a1=Q 64. Kg7 Rxh7+ 65. Kxh7 Qxe5 66. g5 Qxf6 67. gxf6+ Kxf6 68. Kh6 e5 69. Kh5 0-1


[Site "https://www.chess.com"]

[Event "Titled Tuesday Blitz December 14 2021"]
[White "Arutinian, David"]
[Black "Budrewicz, Krzysztof"]
[WhiteFideId "13601741"]
[BlackFideId "1127950"]
[WhiteElo "2525"]
[BlackElo "2242"]
[Result "1-0"]
[Round "04"]
[TimeControl "180+1"]
[Date "2021.12.15"]
[WhiteClock "0:00:27"]
[BlackClock "0:00:03"]

1. Nf3 Nf6 2. c4 g6 3. Nc3 Bg7 4. e4 d6 5. d4 O-O 6. Be2 e5 7. O-O exd4 8. Nxd4 Re8 9. f3 Nc6 10. Be3 Nh5 11. Rf2 Be5 12. Bf1 Bxh2+ 13. Kxh2 Qh4+ 14. Kg1 Ng3 15. Rd2 Ne5 16. Nd5 f5 17. Bf4 Qh1+ 18. Kf2 Nh5 19. Bxe5 Rxe5 20. Qa4 Qh4+ 21. Ke2 fxe4 22. Kd1 e3 23. Nxe3 Rxe3 24. Kc2 c6 25. Rad1 Bd7 26. Kc1 a6 27. Qa5 Rae8 28. Qc7 R3e7 29. Qxd6 Qg5 30. c5 Nf4 31. g3 Nd5 32. Bc4 Kh8 33. Bxd5 cxd5 34. Kb1 Qe3 35. a3 Ba4 36. Re2 Qg5 37. Rxe7 Qxe7 38. Qxe7 Rxe7 39. Rc1 Re3 40. Rc3 Re1+ 41. Ka2 Kg7 42. b3 Bc6 43. a4 Kf6 44. b4 Ke5 45. Nxc6+ bxc6 46. b5 axb5 47. axb5 Re2+ 48. Kb3 d4 49. bxc6 Kd5 50. c7 Re8 51. Rc1 Rc8 52. Re1 Rxc7 53. Re8 Rb7+ 54. Kc2 Kxc5 55. Rc8+ Kd5 56. Rd8+ Ke5 57. Re8+ Kf5 58. Rf8+ Kg5 59. Kd3 Rb3+ 60. Kxd4 h5 61. Ke4 Rb4+ 62. Ke3 Rb3+ 63. Kf2 Rb2+ 64. Kg1 h4 65. gxh4+ Kxh4 66. Rf6 g5 67. Rf5 Rc2 68. Kf1 Ra2 69. Kg1 Ra4 70. Rf8 Kg3 71. Kf1 Ra1+ 72. Ke2 Ra2+ 73. Ke3 Ra3+ 74. Ke2 Ra2+ 75. Ke3 Rf2 76. Rf5 Ra2 77. Rxg5+ Kh4 78. Rg1 Kh5 79. f4 Ra3+ 80. Ke4 Ra4+ 81. Kf3 Kh6 82. Rg8 Kh7 83. Rg5 Rb4 84. Kg4 Ra4 85. Rb5 Kg7 86. Kg5 Ra7 87. f5 Rf7 88. Rb6 Rc7 89. Rg6+ Kf7 90. Rh6 Kg7 91. Ra6 Kf7 92. Ra8 Rb7 93. Rc8 Rd7 94. Rh8 Kg7 95. Rh1 Rb7 96. f6+ Kf7 97. Rh7+ 1-0


[Site "https://www.chess.com"]

[Event "Titled Tuesday Blitz December 14 2021"]
[White "Atabayev, Saparmyrat"]
[Black "Pranav, V"]
[WhiteFideId "14000571"]
[BlackFideId "25060783"]
[WhiteElo "2483"]
[BlackElo "2351"]
[Result "0-1"]
[Round "04"]
[TimeControl "180+1"]
[Date "2021.12.14"]
[WhiteClock "0:00:19"]
[BlackClock "0:00:22"]

1. e4 e5 2. Nf3 Nc6 3. Bb5 a6 4. Bxc6 dxc6 5. Nc3 Bg4 6. h3 Bxf3 7. Qxf3 Qd7 8. d3 Ne7 9. Qg3 Ng6 10. Bd2 f6 11. Qg4 Qf7 12. O-O-O h5 13. Qg3 O-O-O 14. Kb1 Bd6 15. Ne2 Kb8 16. Rhf1 Nf8 17. f4 Nd7 18. Qf2 Rhe8 19. Ng3 exf4 20. Bxf4 Bxf4 21. Qxf4 Re5 22. d4 Ra5 23. a3 Nb6 24. e5 Nc4 25. exf6 Rb5 26. b3 Nxa3+ 27. Kc1 gxf6 28. Qxf6 Qg8 29. Rf5 Re8 30. Rxb5 axb5 31. Qf3 b4 32. Nxh5 Qg6 33. Qf2 Qxh5 34. Re1 Qg5+ 35. Kb2 Rxe1 36. Qxe1 Qxg2 37. Qxb4 Nb5 38. Qf8+ Ka7 39. Qc5+ b6 40. Qe5 Qxh3 41. c3 Qxc3+ 42. Kb1 Qxb3+ 43. Ka1 Qa3+ 44. Kb1 Qd3+ 45. Ka2 Qc4+ 46. Kb1 Qxd4 47. Qe8 Qe4+ 48. Qxe4 Nc3+ 49. Kb2 Nxe4 50. Kb3 b5 51. Kc2 Kb6 52. Kd1 Ng5 53. Ke2 Nf7 54. Kf3 Nh8 55. Ke3 c5 56. Ke4 b4 57. Ke5 Kb5 58. Ke6 c6 59. Ke7 b3 60. Ke8 b2 61. Kf8 b1=Q 62. Kg8 Qg1+ 63. Kxh8 c4 64. Kh7 c3 65. Kh6 c2 0-1


[Site "https://www.chess.com"]

[Event "Titled Tuesday Blitz December 14 2021"]
[White "Azadaliyev, Jahandar"]
[Black "Martinovici, Ilia"]
[WhiteFideId "13425811"]
[BlackFideId "13907034"]
[WhiteElo "1795"]
[BlackElo "2303"]
[Result "1-0"]
[Round "04"]
[TimeControl "180+1"]
[Date "2021.12.14"]
[WhiteClock "0:01:37"]
[BlackClock "0:00:52"]

1. d4 d5 2. c4 c6 3. e3 Nf6 4. Nf3 Bg4 5. Nbd2 e6 6. Be2 Nbd7 7. O-O Bd6 8. b3 O-O 9. Bb2 Re8 10. Ne5 Bxe2 11. Qxe2 Ne4 12. Nxe4 dxe4 13. Rfd1 Bxe5 14. dxe5 Qc7 15. Rd6 Nc5 16. Rad1 Nd3 17. Ba1 Rad8 18. Qg4 Rxd6 19. exd6 f5 20. dxc7 fxg4 21. f3 gxf3 22. gxf3 Rc8 23. fxe4 Rxc7 24. Rxd3 Kf7 25. Be5 Re7 26. Rd8 b5 27. Bd6 Rb7 28. c5 a5 29. e5 a4 30. b4 a3 31. Bb8 Kg6 32. Rc8 Kf5 33. Bd6 Ra7 34. Rxc6 Ra4 35. Rb6 Rxb4 36. c6 Rb1+ 37. Kg2 Rb2+ 38. Kf3 Rxa2 39. c7 Rc2 40. Rxb5 a2 41. Ra5 g5 42. Rxa2 Rxa2 43. e4+ Kg6 44. c8=Q Kh5 45. Qxe6 1-0


[Site "https://www.chess.com"]

[Event "Titled Tuesday Blitz December 14 2021"]
[White "Babazada, Khazar"]
[Black "Manukyan, Artyom"]
[WhiteFideId "13413554"]
[BlackFideId "13305786"]
[WhiteElo "2302"]
[BlackElo "2034"]
[Result "1-0"]
[Round "04"]
[TimeControl "180+1"]
[Date "2021.12.15"]
[WhiteClock "0:00:45"]
[BlackClock "0:00:05"]

1. Nf3 d5 2. g3 e6 3. Bg2 Nf6 4. b3 Be7 5. Bb2 O-O 6. O-O b6 7. c4 Bb7 8. Qc2 c5 9. Nc3 d4 10. Na4 Nc6 11. d3 Qc7 12. e3 e5 13. exd4 exd4 14. Rae1 Rfe8 15. Bc1 Nb4 16. Qb1 h6 17. a3 Nc6 18. Bd2 a5 19. Bf4 Qd8 20. Qd1 Nd7 21. h4 Bf6 22. Nd2 Rxe1 23. Rxe1 Nf8 24. Ne4 Be7 25. Qg4 Ng6 26. Bc1 Nce5 27. Qd1 h5 28. Nf6+ Bxf6 29. Bxb7 Rb8 30. Be4 Ng4 31. Qf3 N6e5 32. Qg2 Ng6 33. Bf5 N4e5 34. Qe4 Qd6 35. f4 Ng4 36. Bxg4 hxg4 37. Qf5 b5 38. Nxc5 Ne7 39. Qh5 g6 40. Ne4 Qe6 41. Nxf6+ Qxf6 42. Qe5 Qxe5 43. Rxe5 bxc4 44. Rxe7 cxb3 45. Bb2 Rc8 46. Bxd4 b2 47. Bxb2 Rc2 48. Re8+ 1-0


[Site "https://www.chess.com"]

[Event "Titled Tuesday Blitz December 14 2021"]
[White "Bacrot, Etienne"]
[Black "Paravyan, David"]
[WhiteFideId "605506"]
[BlackFideId "4194985"]
[WhiteElo "2793"]
[BlackElo "2983"]
[Result "1-0"]
[Round "04"]
[TimeControl "180+1"]
[Date "2021.12.14"]
[WhiteClock "0:00:54"]
[BlackClock "0:00:02"]

1. d4 Nf6 2. Nf3 g6 3. g3 Bg7 4. Bg2 O-O 5. O-O d5 6. a4 Bf5 7. a5 Qc8 8. Nc3 c6 9. Re1 Na6 10. Ne5 Nd7 11. Nf3 Nb4 12. e4 dxe4 13. Nxe4 Nf6 14. Bd2 Nxe4 15. Bxb4 c5 16. Ba3 Rd8 17. g4 Nxf2 18. Kxf2 Bxd4+ 19. Nxd4 Rxd4 20. Qf3 Bxg4 21. Qxb7 Qf5+ 22. Kg1 Rad8 23. Rxe7 Qg5 24. Rf1 Bh3 25. Re8+ Kg7 26. Rxf7+ Kh6 27. Rxh7# 1-0


[Site "https://www.chess.com"]

[Event "Titled Tuesday Blitz December 14 2021"]
[White "Belous, Vladimir"]
[Black "Yeremyan, Alen"]
[WhiteFideId "4174003"]
[BlackFideId "13308998"]
[WhiteElo "2510"]
[BlackElo "2158"]
[Result "1-0"]
[Round "04"]
[TimeControl "180+1"]
[Date "2021.12.14"]
[WhiteClock "0:00:14"]
[BlackClock "0:00:07"]

1. Nf3 Nf6 2. c4 g6 3. Nc3 Bg7 4. d4 d5 5. Bf4 O-O 6. e3 c5 7. dxc5 Qa5 8. Rc1 dxc4 9. Bxc4 Qxc5 10. Bb3 Qa5 11. O-O Nc6 12. h3 Bf5 13. Qe2 Rad8 14. e4 Bc8 15. e5 Nh5 16. Bh2 Bh6 17. Rcd1 Nf4 18. Bxf4 Bxf4 19. e6 f5 20. Nd5 Bh6 21. Ne5 Qc5 22. Nf7 Bg7 23. Nxd8 Rxd8 24. Rc1 Qd6 25. Rfd1 Nd4 26. Qc4 Bxe6 27. Rxd4 Bxd4 28. Qxd4 Bxd5 29. Bxd5+ Qxd5 30. Qxa7 Qe4 31. Qa5 Rd5 32. Qc3 Rd3 33. Qc4+ Qxc4 34. Rxc4 Rd7 35. f4 Kf7 36. Rc5 Kf6 37. Rb5 h6 38. h4 e6 39. Kf2 g5 40. hxg5+ hxg5 41. g3 gxf4 42. gxf4 Rd4 43. Ke3 Rd7 44. Rb6 Rh7 45. a4 Rh3+ 46. Kf2 Rh4 47. Kg3 Rg4+ 48. Kf3 Rg7 49. a5 Rc7 50. Ke3 Rd7 51. b4 Ke7 52. b5 Kf6 53. a6 bxa6 54. bxa6 Rd5 55. Rb8 Ra5 56. Ra8 Ra4 57. a7 Kg7 58. Kd3 Ra3+ 59. Kd4 Ra5 60. Kc4 Ra1 61. Kc5 Rc1+ 62. Kd6 Rd1+ 63. Kxe6 Re1+ 64. Kxf5 Ra1 65. Kg4 Ra4 66. Kf3 Ra1 67. f5 Ra6 68. Ke4 Ra4+ 69. Kd3 Ra6 70. f6+ Kf7 71. Rh8 Ra3+ 72. Kc4 Kxf6 73. a8=Q Rxa8 1-0


[Site "https://www.chess.com"]

[Event "Titled Tuesday Blitz December 14 2021"]
[White "Bluebaum, Matthias"]
[Black "Gaehwiler, Gabriel"]
[WhiteFideId "24651516"]
[BlackFideId "1314530"]
[WhiteElo "2609"]
[BlackElo "2383"]
[Result "1/2-1/2"]
[Round "04"]
[TimeControl "180+1"]
[Date "2021.12.14"]
[WhiteClock "0:00:24"]
[BlackClock "0:00:18"]

1. d4 Nf6 2. Nf3 g6 3. Nc3 d5 4. Bf4 Bg7 5. e3 c6 6. h3 O-O 7. Be2 Nbd7 8. O-O b6 9. a4 a5 10. Nb1 Bb7 11. c4 c5 12. Nc3 Rc8 13. cxd5 Nxd5 14. Nxd5 Bxd5 15. Ba6 Ra8 16. Bb5 cxd4 17. Nxd4 Nc5 18. Bh2 Rc8 19. Rc1 e5 20. Nf3 Bxf3 21. Qxf3 e4 22. Qe2 Qf6 23. Rc2 Nd3 24. Bxd3 exd3 25. Qxd3 Rxc2 26. Qxc2 Qxb2 27. Qxb2 Bxb2 28. Bc7 Bc3 29. Rc1 Bb4 30. Bxb6 Rb8 31. Bd4 Kf8 32. g4 Ke8 33. Rc6 Kd7 34. Ra6 Rb7 35. Kg2 Rc7 36. Kf3 Rc4 37. Ra7+ Ke6 38. Ke2 Rc2+ 39. Kf1 Ra2 40. e4 Rxa4 41. f4 f5 42. gxf5+ gxf5 43. Ra6+ Kd7 44. exf5 Bd6 45. Be5 Bxe5 46. fxe5 Rf4+ 47. Kg2 Rxf5 48. Rxa5 Ke6 49. Ra7 Kxe5 50. Rxh7 Kf6 51. Ra7 Rg5+ 52. Kh2 Rg7 53. Ra6+ Kf7 54. h4 Kg8 55. Kh3 Kh7 56. Ra5 Rf7 57. Rh5+ Kg7 58. Rg5+ Kh7 59. Rg3 Rg7 60. Rf3 Re7 61. Kg4 Kg7 62. h5 Re4+ 63. Kf5 Re8 64. Kg5 Re5+ 65. Kg4 Re4+ 66. Kf5 Re8 67. Rc3 Rf8+ 68. Kg5 Kg8 69. Rc7 Kh8 70. Kg6 Rg8+ 71. Kh6 Re8 72. Rc6 Rf8 73. Kg6 Rg8+ 74. Kh6 Rf8 75. Kg5 Rg8+ 76. Rg6 Rxg6+ 77. hxg6 Kg7 78. Kf5 Kg8 79. Ke6 Kg7 80. Kf5 Kg8 81. Kf6 Kf8 82. Kg5 Kg7 83. Kh5 Kg8 84. Kh6 Kh8 85. Kh5 Kg7 86. Kh4 Kxg6 1/2-1/2


[Site "https://www.chess.com"]

[Event "Titled Tuesday Blitz December 14 2021"]
[White "Chiu, Isaac"]
[Black "Djordjevic, Vuk"]
[WhiteFideId "30900654"]
[BlackFideId "902098"]
[WhiteElo "2117"]
[BlackElo "2463"]
[Result "0-1"]
[Round "04"]
[TimeControl "180+1"]
[Date "2021.12.15"]
[WhiteClock "0:00:13"]
[BlackClock "0:00:06"]

1. c4 e5 2. g3 Nc6 3. Bg2 d6 4. Nc3 Be6 5. b3 Qd7 6. e3 g6 7. d4 exd4 8. exd4 Bg7 9. Nge2 Bh3 10. O-O Bxg2 11. Kxg2 Nge7 12. d5 Ne5 13. h3 f5 14. Nd4 c6 15. Ne6 Bf6 16. Ba3 Nxc4 17. bxc4 Bxc3 18. Rc1 Bf6 19. Re1 Kf7 20. Qf3 cxd5 21. cxd5 Rac8 22. Nf4 Rxc1 23. Rxc1 Rc8 24. Re1 Rc3 25. Re3 Rxe3 26. Qxe3 Be5 27. Nd3 Nxd5 28. Qxa7 Qc6 29. Kh2 Bf6 30. Qa8 Nc7 31. Qc8 Nb5 32. Qa8 Qf3 33. Nf4 Nxa3 34. Qc8 Qxf2+ 35. Kh1 Qe1+ 36. Kh2 Qd2+ 37. Ng2 Qe2 38. Qxb7+ Be7 39. Qb3+ Nc4 40. h4 d5 41. Kh3 Qb2 42. Qf3 Qd2 43. Nf4 Ne3 44. a4 Qd1 45. Qxd1 Nxd1 46. Nxd5 Bc5 47. g4 fxg4+ 48. Kxg4 Ne3+ 49. Nxe3 Bxe3 50. h5 g5 51. Kf5 h6 52. a5 Ba7 53. Kg4 Kf6 54. Kf3 Kf5 0-1


[Site "https://www.chess.com"]

[Event "Titled Tuesday Blitz December 14 2021"]
[White "Demchenko, Anton"]
[Black "Lewtak, Damian"]
[WhiteFideId "4160258"]
[BlackFideId "1141724"]
[WhiteElo "2531"]
[BlackElo "2203"]
[Result "1-0"]
[Round "04"]
[TimeControl "180+1"]
[Date "2021.12.15"]
[WhiteClock "0:00:25"]
[BlackClock "0:00:06"]

1. e4 b6 2. d4 Bb7 3. Bd3 e6 4. Nf3 g6 5. c4 Bg7 6. Nc3 Ne7 7. Be3 d6 8. Qe2 Nd7 9. O-O-O a6 10. Kb1 Qb8 11. Rhe1 Nf6 12. h3 O-O 13. Qd2 b5 14. Bh6 b4 15. Na4 Bc6 16. Bc2 Qe8 17. Bxg7 Kxg7 18. Qxb4 Rb8 19. Qa5 Qc8 20. d5 Bxa4 21. Bxa4 Qb7 22. Qc3 e5 23. Nd2 Qb4 24. Qxb4 Rxb4 25. Bc2 Nd7 26. b3 Rfb8 27. Kb2 a5 28. Kc3 R4b6 29. Rb1 c5 30. g3 g5 31. Nf1 h6 32. Ne3 R8b7 33. Rb2 f6 34. Reb1 Kf8 35. a3 Kf7 36. Bd1 Kf8 37. Bg4 Nb8 38. b4 axb4+ 39. axb4 Rxb4 40. Rxb4 Rxb4 41. Rxb4 cxb4+ 42. Kxb4 Na6+ 43. Kc3 Nc5 44. f3 Kg7 45. h4 Kg6 46. h5+ Kf7 47. Nc2 Ng8 48. Na3 f5 49. Bxf5 Nf6 50. g4 Ke7 51. Nb5 Ne8 52. Bg6 Nf6 53. Na7 Kd7 54. Nb5 Ke7 55. Na3 Kd7 56. Nc2 Kc7 57. Ne3 Na4+ 58. Kd2 Nc5 59. Nf5 Ncxe4+ 60. fxe4 Nxg4 61. Ke2 Nf6 62. Nxh6 1-0


[Site "https://www.chess.com"]

[Event "Titled Tuesday Blitz December 14 2021"]
[White "Dobrov, Vladimir"]
[Black "Wang, Justin"]
[WhiteFideId "4136594"]
[BlackFideId "30911370"]
[WhiteElo "2614"]
[BlackElo "2053"]
[Result "0-1"]
[Round "04"]
[TimeControl "180+1"]
[Date "2021.12.14"]
[WhiteClock "0:00:05"]
[BlackClock "0:00:38"]

1. d4 Nf6 2. c4 e6 3. Nf3 d5 4. g3 dxc4 5. Bg2 Bb4+ 6. Bd2 Bxd2+ 7. Qxd2 Bd7 8. Na3 c3 9. bxc3 O-O 10. O-O c6 11. Rab1 Bc8 12. Rfe1 Nbd7 13. e4 h6 14. e5 Nd5 15. Nc4 b5 16. Nd6 N7b6 17. Qd3 a6 18. Nd2 a5 19. N2e4 a4 20. Nc5 Nd7 21. c4 Nxc5 22. dxc5 bxc4 23. Qxc4 Qa5 24. Rec1 Bd7 25. Rb7 Bc8 26. Rb2 Ba6 27. Qd4 Rfb8 28. a3 Rb3 29. Ra2 Rab8 30. Be4 Nc3 31. Rac2 Nxe4 32. Qxe4 Bd3 33. Qf4 Bxc2 34. Qxf7+ Kh7 35. Rxc2 Rb1+ 36. Kg2 Qe1 37. Kh3 Qxe5 38. Rc4 Qf6 39. Qxf6 gxf6 40. Rxa4 Rd1 41. Ra6 Rb2 42. Rxc6 Re1 43. f3 Rh1 44. Kg4 Rhxh2 45. Kf4 Rhe2 46. Ne4 f5 47. Nc3 Re1 48. Rd6 Rc2 49. Na4 Rc4+ 0-1


[Site "https://www.chess.com"]

[Event "Titled Tuesday Blitz December 14 2021"]
[White "Wagner, Dinara"]
[Black "Maksimovic, Bojan"]
[WhiteFideId "24157570"]
[BlackFideId "14408120"]
[WhiteElo "2216"]
[BlackElo "2458"]
[Result "1/2-1/2"]
[Round "04"]
[TimeControl "180+1"]
[Date "2021.12.15"]
[WhiteClock "0:00:34"]
[BlackClock "0:00:21"]

1. d4 Nf6 2. c4 c5 3. d5 b5 4. e3 bxc4 5. Bxc4 g6 6. Nf3 Bg7 7. Nc3 O-O 8. O-O d6 9. e4 Ba6 10. Bxa6 Nxa6 11. Re1 Nd7 12. Qa4 Nc7 13. Bg5 Rb8 14. Rab1 Rxb2 15. Rxb2 Bxc3 16. Rb7 Bxe1 17. Nxe1 f6 18. Bh6 Re8 19. Qc6 Ne5 20. Qxc7 Qxc7 21. Rxc7 g5 22. h4 Nf7 23. hxg5 fxg5 24. Nf3 g4 25. Bf4 gxf3 26. gxf3 Nh8 27. Rxa7 Ng6 28. Bg3 Rf8 29. Kg2 h5 30. f4 h4 31. Bh2 Nxf4+ 32. Bxf4 Rxf4 33. Rxe7 h3+ 34. Kxh3 Rxf2 35. Re6 Rxa2 36. Rxd6 Ra4 37. Re6 c4 38. Kg4 c3 39. Kf5 Rc4 40. Rg6+ Kf7 41. Rg1 c2 42. Rc1 Rc5 43. Ke5 Rc4 44. d6 Rc5+ 45. Kd4 Rc8 46. Kd5 Rc3 47. e5 Rd3+ 48. Kc4 Rd2 49. Kc3 Re2 50. Kd4 Rd2+ 51. Ke3 Rd5 52. Rxc2 Rxe5+ 53. Kd4 Ke6 54. Ra2 Rd5+ 55. Ke4 Rxd6 56. Ra5 Rb6 57. Rh5 Rb4+ 58. Kd3 Kf6 59. Rd5 Ra4 60. Rd4 Ra3+ 61. Kc4 Ke5 62. Rd5+ Ke6 63. Rd4 Ra4+ 64. Kd3 Ra8 65. Kc3 Ke5 66. Rb4 Rc8+ 67. Kd3 Rh8 68. Rb5+ Kd6 69. Rb6+ Kc5 70. Rg6 Rh3+ 71. Ke4 Rh4+ 72. Kf5 Rh1 73. Ke5 Re1+ 74. Kf4 Kd5 75. Rg5+ Kd4 76. Kf5 Rf1+ 77. Ke6 Ke4 78. Rg4+ Kf3 79. Ra4 Rb1 80. Ke5 Ke3 81. Kd5 Rb5+ 82. Kc4 Rh5 83. Ra3+ Ke4 84. Ra1 Rh8 85. Re1+ Kf3 86. Kd4 Rd8+ 87. Kc5 Rc8+ 88. Kd6 Rd8+ 89. Kc7 Rd2 90. Kc6 Rc2+ 91. Kd5 Rd2+ 92. Kc6 Kf2 93. Re6 Rc2+ 94. Kd5 Rb2 95. Kc6 Kf3 96. Kd5 Kf4 97. Kc6 Kf5 98. Re1 Rc2+ 99. Kd5 Rd2+ 100. Kc6 Rd8 101. Kc5 Rc8+ 102. Kd6 Rd8+ 103. Kc5 Rd3 104. Kc4 Rh3 105. Kd5 Rd3+ 1/2-1/2


[Site "https://www.chess.com"]

[Event "Titled Tuesday Blitz December 14 2021"]
[White "Dubov, Daniil"]
[Black "Nozdrachev, Leonid"]
[WhiteFideId "24126055"]
[BlackFideId "24113433"]
[WhiteElo "2749"]
[BlackElo "2124"]
[Result "1-0"]
[Round "04"]
[TimeControl "180+1"]
[Date "2021.12.15"]
[WhiteClock "0:00:19"]
[BlackClock "0:00:03"]

1. e4 c6 2. d4 d5 3. e5 Bf5 4. g4 Bd7 5. Be3 c5 6. dxc5 Nc6 7. f4 h5 8. gxh5 Bf5 9. Bb5 e6 10. Nc3 Qa5 11. Nf3 Bg4 12. a3 Rxh5 13. b4 Qd8 14. Be2 Nge7 15. Nb5 Nf5 16. Bf2 Rh8 17. Ng5 Bxe2 18. Qxe2 Be7 19. Nd6+ Nxd6 20. exd6 Bxg5 21. fxg5 Qxg5 22. b5 Na5 23. Rd1 Nc4 24. d7+ Kd8 25. c6 bxc6 26. bxc6 Kc7 27. Rg1 Qf6 28. Rd4 Kxc6 29. Rxc4+ dxc4 30. Qxc4+ Kxd7 31. Qb5+ Kd8 32. Ke2 Rxh2 33. Rd1+ Ke7 34. Qb7+ 1-0


[Site "https://www.chess.com"]

[Event "Titled Tuesday Blitz December 14 2021"]
[White "Ferreira, Vitor Hugo Vieira"]
[Black "Guzman Moneo, Alberto"]
[WhiteFideId "2119765"]
[BlackFideId "2209616"]
[WhiteElo "2216"]
[BlackElo "2157"]
[Result "0-1"]
[Round "04"]
[TimeControl "180+1"]
[Date "2021.12.15"]
[WhiteClock "0:00:05"]
[BlackClock "0:00:12"]

1. e4 c5 2. Nf3 e6 3. d4 cxd4 4. Nxd4 Nc6 5. Nc3 Qc7 6. Nxc6 bxc6 7. Bd3 d5 8. O-O Nf6 9. Qe2 Be7 10. f4 O-O 11. e5 Nd7 12. Na4 c5 13. c4 dxc4 14. Bxc4 Nb6 15. Nxb6 axb6 16. Rf3 Bb7 17. Rh3 Qc6 18. Be3 Rad8 19. Rg3 Qe4 20. Rc1 Rd7 21. Bb5 Rd5 22. Bc4 Rd7 23. f5 Qxf5 24. Rf1 Qxe5 25. Qg4 g6 26. Kh1 Rfd8 27. Bf4 Qe4 28. b3 Rd4 29. h3 Bd6 30. Bxd6 Qxg4 31. hxg4 R8xd6 32. g5 Rh4+ 33. Kg1 Rdd4 34. a4 Rhe4 35. Rgf3 Rd7 36. Rf6 Rg4 37. R1f3 Rxg5 38. Rf2 Rf5 39. R6xf5 gxf5 40. Rc2 Bd5 41. Bb5 Rd6 42. Rc3 Be4 43. Kf2 Rd2+ 44. Ke3 Rxg2 45. Kf4 Rg4+ 46. Ke5 Kg7 47. Rh3 Bd5 48. Kd6 Rd4 49. Kc7 f4 50. Kxb6 f3 51. Kxc5 Rd1 52. Rg3+ Kf6 53. a5 f2 54. a6 Rc1+ 55. Kb6 Rb1 56. a7 Ra1 57. Rg8 h5 58. Rh8 Kg5 59. Rg8+ Kh4 60. Ba6 Rxa6+ 61. Kxa6 f1=Q+ 62. Kb6 Qb1 63. a8=Q Bxa8 64. Rxa8 Qxb3+ 65. Kc7 Qd5 66. Ra4+ Kg5 67. Ra3 Kf6 68. Rf3+ Qf5 69. Re3 Qe5+ 70. Rxe5 Kxe5 71. Kd7 h4 72. Ke7 h3 0-1


[Site "https://www.chess.com"]

[Event "Titled Tuesday Blitz December 14 2021"]
[White "Gabrielian, Artur"]
[Black "Batsiashvili, Nino"]
[WhiteFideId "4131002"]
[BlackFideId "13602993"]
[WhiteElo "2440"]
[BlackElo "2294"]
[Result "1-0"]
[Round "04"]
[TimeControl "180+1"]
[Date "2021.12.14"]
[WhiteClock "0:01:48"]
[BlackClock "0:02:07"]

1. e4 e5 2. Nc3 Nc6 3. g3 Nf6 4. Bg2 g6 5. Nge2 Bg7 6. d3 O-O 7. O-O d6 8. h3 Be6 9. f4 exf4 10. gxf4 Nh5 11. f5 Bd7 12. Nd5 Nd4 13. f6 Nxe2+ 14. Qxe2 Bh8 15. Ne7+ Qxe7 16. fxe7 Rfe8 17. Qf2 Rxe7 18. Bg5 f6 19. Bh6 Rae8 20. Rae1 Be6 21. a3 Rf7 1-0


[Site "https://www.chess.com"]

[Event "Titled Tuesday Blitz December 14 2021"]
[White "Goryachkina, Aleksandra"]
[Black "Kupervaser, Erez"]
[WhiteFideId "4147103"]
[BlackFideId "2814587"]
[WhiteElo "2441"]
[BlackElo "1763"]
[Result "1/2-1/2"]
[Round "04"]
[TimeControl "180+1"]
[Date "2021.12.15"]
[WhiteClock "0:00:07"]
[BlackClock "0:00:07"]

1. e4 c5 2. Nf3 g6 3. c3 d5 4. Bb5+ Nc6 5. exd5 Qxd5 6. O-O Bg7 7. d3 Nf6 8. Qb3 Qxb3 9. axb3 Bd7 10. Be3 b6 11. Nbd2 Nd5 12. Nc4 O-O 13. Rfe1 Nc7 14. Bxc6 Bxc6 15. Nce5 Bd5 16. Bf4 Ne6 17. Bg3 Rfd8 18. Ra3 Bxf3 19. Nxf3 Rxd3 20. Rea1 Rad8 21. Rxa7 Rd1+ 22. Ne1 Rxa1 23. Rxa1 Rd2 24. Rb1 f5 25. Nf3 Rc2 26. Ne1 Rd2 27. Nf3 Rd5 28. h3 f4 29. Bh2 g5 30. Kf1 Kf7 31. Ke2 Kg6 32. Rd1 Rxd1 33. Kxd1 Kf5 34. Ke2 h5 35. Nd2 g4 36. hxg4+ hxg4 37. f3 Ng5 38. Bg1 e5 39. Kd3 gxf3 40. gxf3 Nh3 41. Bh2 Bf6 42. Ne4 Bh4 43. Ke2 Ng5 44. Nxg5 Bxg5 45. Kd3 e4+ 46. fxe4+ Kg4 47. Ke2 Kh3 48. Bg1 Kg2 49. Bf2 f3+ 50. Ke1 Bd2+ 51. Kxd2 Kxf2 52. e5 Kg2 53. e6 f2 54. e7 f1=Q 55. e8=Q Qf4+ 56. Qe3 Qd6+ 57. Kc2 Qg6+ 58. Qd3 Qe6 59. Qd2+ Kf3 60. Qd3+ Kf4 61. Qc4+ Qxc4 62. bxc4 Ke3 63. b3 Ke2 64. b4 Ke3 65. bxc5 bxc5 66. Kb3 Kd3 67. Kb2 Kxc4 68. Kc2 Kd5 69. Kd3 Kd6 70. Kc4 Kc6 71. Kd3 Kd5 72. c4+ Ke5 73. Ke3 Kf5 74. Kf3 Ke5 75. Ke3 Kf5 76. Kf3 Ke5 77. Ke3 1/2-1/2


[Site "https://www.chess.com"]

[Event "Titled Tuesday Blitz December 14 2021"]
[White "Guliev, Logman"]
[Black "Kostiukov, Alexandr"]
[WhiteFideId "13400061"]
[BlackFideId "14108100"]
[WhiteElo "2128"]
[BlackElo "2227"]
[Result "1-0"]
[Round "04"]
[TimeControl "180+1"]
[Date "2021.12.15"]
[WhiteClock "0:00:05"]
[BlackClock "0:00:02"]

1. e4 c5 2. Nf3 g6 3. c3 Bg7 4. Bc4 e6 5. O-O Ne7 6. d4 cxd4 7. cxd4 d5 8. exd5 exd5 9. Bb5+ Nbc6 10. Nc3 O-O 11. h3 h6 12. Re1 Be6 13. Bf4 Qb6 14. Qd2 Nxd4 15. Nxd4 Bxd4 16. Bxh6 Rfd8 17. Bd3 Re8 18. Re2 Nf5 19. Bg5 Bg7 20. Bxf5 Bxf5 21. Rxe8+ Rxe8 22. Rd1 d4 23. Nd5 Qd6 24. Nb4 a5 25. Nd3 b6 26. Bf4 Qd5 27. b3 Rc8 28. Bg3 Rc3 29. Nf4 Qc5 30. Kh2 Rc2 31. Qe1 Rxa2 32. Qe8+ Qf8 33. Qc6 Qb4 34. Nd5 Qc5 35. Qe8+ Qf8 36. Ne7+ Kh7 37. Qxf8 Bxf8 38. Nxf5 gxf5 39. Rxd4 Bc5 40. Rf4 Kg6 41. h4 b5 42. Rf3 a4 43. bxa4 bxa4 44. h5+ Kg5 45. h6 Kxh6 46. Rxf5 Bd4 47. Rxf7 a3 48. Rd7 Rd2 49. Bf4+ Kg6 50. Bxd2 a2 51. Rd6+ Kf5 52. Ra6 a1=Q 53. Rxa1 Bxa1 54. f3 Be5+ 55. Kh3 Kf6 56. g4 Kg6 57. f4 Bd4 58. Kg3 Bc5 59. Kf3 Be7 60. Ke4 Bh4 61. f5+ Kf7 62. g5 Bg3 63. g6+ Kg7 64. Bc3+ Kh6 65. Kd5 Bc7 66. Ke6 Bd8 67. Kf7 Ba5 68. g7 Bxc3 69. g8=Q Kh5 70. Qg3 Bd4 71. f6 Ba1 72. Ke6 1-0


[Site "https://www.chess.com"]

[Event "Titled Tuesday Blitz December 14 2021"]
[White "Dronavalli, Harika"]
[Black "Grigoriants, Sergey"]
[WhiteFideId "5015197"]
[BlackFideId "4130804"]
[WhiteElo "2382"]
[BlackElo "2502"]
[Result "1/2-1/2"]
[Round "04"]
[TimeControl "180+1"]
[Date "2021.12.14"]
[WhiteClock "0:00:20"]
[BlackClock "0:00:06"]

1. e4 c6 2. d4 d5 3. exd5 cxd5 4. c3 Nc6 5. Bf4 Bf5 6. Nd2 e6 7. Qb3 Qc8 8. Ngf3 Nf6 9. Be2 Be7 10. O-O O-O 11. h3 Ne4 12. Rfe1 Bd6 13. Bxd6 Nxd6 14. Nf1 b5 15. Nh4 Be4 16. a3 Rb8 17. Ng3 Na5 18. Qd1 Nac4 19. Ra2 a5 20. Bd3 f5 21. Nf3 h6 22. Bf1 Bxf3 23. Qxf3 Ne4 24. Qd1 Nxg3 25. fxg3 Nd6 26. g4 Ne4 27. Bd3 Qc7 28. gxf5 exf5 29. Qf3 Qd6 30. Raa1 Kh8 31. Re2 b4 32. axb4 axb4 33. Bxe4 fxe4 34. Qe3 bxc3 35. bxc3 Rbc8 36. Rc1 Rc4 37. Rf2 Rxf2 38. Qxf2 Qe6 39. Qf4 Kh7 40. Qe3 Rc8 41. Rf1 Qc6 42. Rf5 Qxc3 43. Qxc3 Rxc3 44. Rxd5 Rd3 45. Kf2 Kg6 46. h4 Kf6 47. h5 1/2-1/2


[Site "https://www.chess.com"]